[Event "Fagernes GM Open Autumn 2024"]
[Site "Fagernes"]
[Date "2024.10.11"]
[Round "7.8"]
[White "Amar, Elham"]
[Black "Myagmarsuren, Evsuld"]
[Result "1-0"]
[ECO "C01"]
[WhiteElo "2540"]
[BlackElo "2171"]
[Annotator "RC"]
[PlyCount "129"]
[EventDate "2024.10.03"]
[EventType "swiss"]
[EventCountry "NOR"]
[SourceTitle "playchess.com"]
[Source "ChessBase"]
[SourceQuality "1"]
[TimeControl "40/6000:2400+30"]

1. e4 e6 2. d4 d5 3. Nc3 Bb4 4. exd5 exd5 5. Bd3 Nc6 6. a3 Bd6 7. Nf3 Nge7 8. Nb5 h6 9. O-O O-O 10. Re1 Bf5 11. Bf1 Ng6 12. Nxd6 Qxd6 13. Be3 Rad8 14. a4 Qf6 15. c3 Bg4 16. Be2 Nf4 17. Bxf4 Qxf4 18. h3 Bh5 19. Nd2 Bxe2 20. Qxe2 Rd6 21. Nf1 a6 22. Qc2 Re6 23. Qb3 Qd6 24. Ne3 Rfe8 25. Rf1 Rd8 26. a5 Na7 27. Qxb7 Nb5 28. Rae1 Qf8 29. Nf5 Rf6 30. Ne7+ Kh8 31. Nxd5 Rb8 32. Nxf6 Rxb7 33. Re8 Qxe8 34. Nxe8 c6 35. Rd1 Rd7 36. Kf1 c5 37. d5 c4 38. d6 Kg8 39. Nc7 Nxc7 40. dxc7 Rxc7 41. Rd6 Rb7 42. Rb6 Ra7 43. Ke2 f5 44. f4 Kf7 45. h4 g6 46. h5 gxh5 47. Rxh6 Kg7 48. Rc6 Rb7 49. Rb6 Ra7 50. g3 Re7+ 51. Kd2 Rd7+ 52. Ke2 Re7+ 53. Kf3 Ra7 54. Kg2 Rd7 55. Kh3 Rd2 56. Rxa6 Rxb2 57. Rc6 Ra2 58. Rxc4 Rxa5 59. Rc7+ Kf6 60. Rc6+ Ke7 61. Kh4 Kd7 62. Rh6 Rc5 63. Rxh5 Ke6 64. g4 Kf6 65. Rxf5+ 1-0

[Event "Fagernes GM Open Autumn 2024"]
[Site "Fagernes"]
[Date "2024.10.11"]
[Round "7.9"]
[White "Oye-Stromberg, Alexander"]
[Black "Mitusov, Semen"]
[Result "1/2-1/2"]
[ECO "B55"]
[WhiteElo "2248"]
[BlackElo "2486"]
[Annotator "TA"]
[PlyCount "113"]
[EventDate "2024.10.03"]
[EventType "swiss"]
[EventCountry "NOR"]
[SourceTitle "playchess.com"]
[Source "ChessBase"]
[SourceQuality "1"]
[TimeControl "40/6000:2400+30"]

1. e4 c5 2. Nf3 d6 3. d4 cxd4 4. Nxd4 Nf6 5. Bb5+ Nbd7 6. O-O a6 7. Bd3 g6 8. c4 {[%emt 0:00:14] White is slightly better.} Bg7 9. Nc3 O-O 10. Re1 Re8 11. Bf1 b6 12. Bg5 h6 13. Be3 Bb7 14. f3 Kh7 15. Qd2 Rc8 16. Rac1 e6 17. Nb3 Qc7 18. Red1 Bf8 19. Qd4 Ng8 20. Qd2 (20. Bf2 $14) 20... Red8 (20... Ngf6 $1 $11 {keeps the balance.}) 21. Qf2 $16 Bg7 22. Bd4 Ngf6 23. Nd2 Ba8 24. b4 Qb8 25. Nb3 Ne8 26. a3 Bxd4 27. Rxd4 Bc6 28. Rcd1 Nf8 29. f4 Kg7 30. Qh4 Rd7 31. R4d3 {[%emt 0:02:33][%cal Bd4d3,Bd3h3,Bh3g3][%mdl 32] Threatens to win with Rh3.} Nf6 32. Rh3 Ng8 33. f5 g5 34. Qf2 e5 {[%emt 0:00:29] Inhibits Nd4.} 35. Rg3 {[%emt 0:02:43] White is much more active. The black rooks are passive.} Nf6 36. Be2 N8h7 37. Qe3 Rh8 (37... b5 $142) 38. Rc1 (38. Nd2 $16) 38... Qa8 ({Black should try} 38... b5 $14) 39. Bd3 (39. Bf3 $16) 39... Rb8 40. a4 Rdd8 (40... Nh5 $14) 41. b5 Bd7 42. Be2 {[%emt 0:01:41] aiming for h4.} Kh8 (42... axb5 $16 {might work better.} 43. axb5 (43. cxb5 Rbc8 $16) 43... Qa3) 43. a5 $2 (43. Nd2 $18) 43... bxa5 {[%emt 0:05:45][%cal Oa5a4] [#]} 44. Ra1 $1 axb5 45. cxb5 Rb7 46. Rxa5 (46. Nxa5 Ra7 47. Qb6 Ne8 $19) 46... Qb8 {[%emt 0:00:29] [#]} 47. Ra6 (47. h3 $1 $16) 47... Bxb5 $1 $11 48. Nxb5 Rxb5 49. Bxb5 Qxb5 50. Rb6 (50. Ra1 $11) 50... Qa4 $15 {[%emt 0:01:01][%mdl 1024] Black has compensation.} 51. Nd2 Qd1+ ({Better is} 51... d5 $15 52. Qd3 Rc8) 52. Nf1 $11 Qa4 53. Rb7 Kg7 (53... Nxe4 $11 54. Qb6 Rf8) 54. Nd2 (54. Qb6 $14 Rc8 55. Qxd6) 54... Qd1+ (54... Rc8 $1 $15 55. Rb1 Nh5) 55. Nf1 Qa4 56. Nd2 (56. Qb6 $11 Rc8 57. Qxd6) 56... Qd1+ (56... Rc8 $5 57. Rb1 Nh5 $17) 57. Nf1 {[%emt 0:00:04] Weighted Error Value: White=0.25 (precise) /Black=0.22 (precise) .  Mistake:       	White=8     	Black=8      Inaccurate:     	White=3     	Black=5      OK:         	White=15    	Black=12     Best:        	White=4     	Black=4      Strong:       	White=1     	Black=1} 1/2-1/2

[Event "Fagernes GM Open Autumn 2024"]
[Site "Fagernes"]
[Date "2024.10.11"]
[Round "7.10"]
[White "Sidhant, Mohapatra"]
[Black "Hillarp Persson, Tiger"]
[Result "0-1"]
[ECO "B96"]
[WhiteElo "2369"]
[BlackElo "2455"]
[Annotator "TA"]
[PlyCount "90"]
[EventDate "2024.10.03"]
[EventType "swiss"]
[EventCountry "NOR"]
[SourceTitle "playchess.com"]
[Source "ChessBase"]
[SourceQuality "1"]
[TimeControl "40/6000:2400+30"]

1. e4 c5 2. Nf3 d6 3. d4 cxd4 4. Nxd4 Nf6 5. Nc3 a6 6. Bg5 e6 7. f4 h6 8. Bh4 Qb6 9. a3 Nbd7 (9... Qxb2 $2 10. Na4 $18) 10. Bf2 Qc7 (10... Qxb2 $2 {loses.} 11. Na4 $18) 11. Qe2 b5 {[%emt 0:00:00] The position is equal.} 12. O-O-O Rb8 13. g3 b4 14. axb4 Rxb4 15. Bg2 (15. Bh3 $5) 15... Bb7 (15... Be7 $11) 16. Rhe1 (16. Nd5 $14 exd5 17. exd5+ Be7 18. Nf5) 16... Be7 $11 17. g4 (17. Nd5 $11 exd5 18. exd5) 17... Nc5 $15 {[%emt 0:11:58] White must now prevent ...Qa5.} 18. h4 Qa5 {[%emt 0:06:23] Hoping for ...0-0.} 19. g5 Nfd7 20. Nb1 $2 (20. Kb1 $17) 20... hxg5 $19 21. hxg5 Rh2 22. Bg1 $2 {[%emt 0:04:41] [#]} (22. c3 Rxd4 23. cxd4 Nb3+ (23... Rxg2 24. dxc5 Nxc5 25. Nc3 $15) 24. Kc2) 22... Qa2 $1 23. c3 {[%emt 0:03:32] [#]} Bxe4 $1 24. Bxe4 Rxe2 25. Rxe2 Rxd4 26. cxd4 Nxe4 27. Rxe4 d5 28. Re3 Nb6 29. Nc3 Qa5 30. b3 Nc8 31. Kb2 Qa3+ 32. Kc2 Nd6 33. Rb1 Nf5 34. Rd3 Qd6 35. Rf1 Qc7 36. Kb2 Bd6 37. Ne2 Qb8 38. Kc2 Bb4 39. Ng3 (39. Be3 $142) 39... Nxg3 40. Rxg3 Qb5 41. Rd3 Qa5 {[%emt 0:40:42] ...Qa2+ is the strong threat.} 42. Kd1 (42. Kb1 $17) 42... Qa2 43. Bf2 $2 (43. Be3) 43... Qb1+ {[%emt 0:00:41] Black is clearly winning.} 44. Ke2 Qc2+ 45. Ke3 {[%emt 0:00:04] [#]} Bd2+ $1 {[%emt 0:00:07][%mdl 512] Weighted Error Value: White=0.71/Black=0.24 (precise) .  Loses game:     	White=1     	---        Mistake:       	White=6     	Black=1      Inaccurate:     	White=2     	Black=4      OK:         	White=6     	Black=14     Best:        	White=3     	Black=2} 0-1

[Event "Fagernes GM Open Autumn 2024"]
[Site "Fagernes"]
[Date "2024.10.11"]
[Round "7.11"]
[White "Wallace, John Paul"]
[Black "Laddha, Shubh Jayesh"]
[Result "1/2-1/2"]
[ECO "A20"]
[WhiteElo "2373"]
[BlackElo "2308"]
[Annotator "RC"]
[PlyCount "89"]
[EventDate "2024.10.03"]
[EventType "swiss"]
[EventCountry "NOR"]
[SourceTitle "playchess.com"]
[Source "ChessBase"]
[SourceQuality "1"]
[TimeControl "40/6000:2400+30"]

1. c4 e5 2. d3 Nf6 3. Nf3 Nc6 4. a3 g6 5. b4 d6 6. e4 Bg7 7. g3 O-O 8. Bg2 Be6 9. Nc3 h6 10. Nd5 Kh7 11. h4 Nh5 12. Be3 Ne7 13. d4 Nc6 14. dxe5 Nxe5 15. Nxe5 dxe5 16. Bh3 Bxh3 17. Rxh3 c6 18. Nc3 Qc8 19. Rh1 Qe6 20. Qe2 Rfd8 21. Kf1 Rd4 22. c5 Rad8 23. Kg2 Rc4 24. Rac1 Nf4+ 25. gxf4 exf4 26. Bd2 f3+ 27. Kxf3 Bxc3 28. Rxc3 Qf6+ 29. Kg2 Rxd2 30. Qxd2 Rxc3 31. Rh3 Rxh3 32. Kxh3 Qf3+ 33. Kh2 Qxe4 34. Qd7 Qxh4+ 35. Kg1 Qg5+ 36. Kf1 Qc1+ 37. Kg2 Qg5+ 38. Kf1 Kg7 39. Qxb7 Qc1+ 40. Kg2 Qg5+ 41. Kf1 Qd5 42. b5 Qd1+ 43. Kg2 Qg4+ 44. Kf1 Qd1+ 45. Kg2 1/2-1/2

[Event "Fagernes GM Open Autumn 2024"]
[Site "Fagernes"]
[Date "2024.10.11"]
[Round "7.12"]
[White "Carlsson, Ludvig"]
[Black "Namitbir Singh Walia"]
[Result "1-0"]
[ECO "A30"]
[WhiteElo "2334"]
[BlackElo "2351"]
[Annotator "RC"]
[PlyCount "187"]
[EventDate "2024.10.03"]
[EventType "swiss"]
[EventCountry "NOR"]
[SourceTitle "playchess.com"]
[Source "ChessBase"]
[SourceQuality "1"]
[TimeControl "40/6000:2400+30"]

1. Nf3 Nf6 2. c4 c5 3. g3 Nc6 4. Bg2 d5 5. cxd5 Nxd5 6. d4 cxd4 7. Nxd4 Ndb4 8. Nxc6 Qxd1+ 9. Kxd1 Nxc6 10. Be3 g6 11. Bxc6+ bxc6 12. Kd2 Bg7 13. Nc3 Rb8 14. b3 Bf5 15. Rac1 h5 16. f3 h4 17. g4 Rd8+ 18. Ke1 Bxc3+ 19. Rxc3 Bd7 20. Rc5 f5 21. h3 a6 22. Bg5 Rb8 23. Ra5 Bc8 24. Kf2 Rb5 25. Rxb5 axb5 26. Rc1 Bd7 27. a4 bxa4 28. bxa4 Kf7 29. a5 Ra8 30. Rc5 fxg4 31. hxg4 h3 32. Bf4 Ra7 33. Be3 Be6 34. Kg3 Ra6 35. Kxh3 Bd5 36. Bf4 Bb3 37. Kg3 Ba4 38. Bd2 Bb5 39. e4 Ra7 40. Rc2 Rd7 41. Ra2 Bc4 42. Rc2 Bb5 43. Ra2 Bc4 44. Rb2 Bb5 45. Kh4 Rd3 46. Kg3 Ra3 47. Kf2 e5 48. Rc2 Ke6 49. Bc3 Bd3 50. Rc1 Bb5 51. Be1 Ra2+ 52. Kg3 Ra3 53. Bb4 Ra4 54. Rb1 Be2 55. Rb2 Bb5 56. Kh4 Kf6 57. Bc3 g5+ 58. Kg3 Ra3 59. Rc2 Ke6 60. Bd2 Bd3 61. Rxc6+ Kd7 62. Bb4 Rb3 63. Rd6+ Kc7 64. Rb6 Kd7 65. Be7 Rc3 66. Bb4 Rb3 67. Bd2 Ra3 68. Kf2 Ra2 69. Ke3 Bc4 70. Rb4 Ba6 71. Rb1 Ra3+ 72. Kf2 Ra2 73. Rd1 Ke6 74. Ke1 Ra3 75. Rc1 Kd7 76. Bc3 Ra2 77. Bxe5 Rxa5 78. Rc7+ Ke6 79. Bb2 Ra2 80. Rc6+ Kd7 81. Rb6 Kc7 82. Rb3 Bc4 83. Rb4 Kd6 84. Rxc4 Rxb2 85. Rc8 Ke5 86. Rf8 Kd4 87. Rf5 Ke3 88. Kf1 Rf2+ 89. Kg1 Ra2 90. e5 Ra7 91. Kg2 Rg7 92. Kg3 Rg6 93. e6 Rxe6 94. Rxg5 1-0

[Event "Fagernes GM Open Autumn 2024"]
[Site "Fagernes"]
[Date "2024.10.11"]
[Round "7.13"]
[White "Sasikiran, Krishnan"]
[Black "Gudbrandsen, Gustav"]
[Result "1-0"]
[ECO "A48"]
[WhiteElo "2571"]
[BlackElo "2197"]
[Annotator "TA"]
[PlyCount "85"]
[EventDate "2024.10.03"]
[EventType "swiss"]
[EventCountry "NOR"]
[SourceTitle "playchess.com"]
[Source "ChessBase"]
[SourceQuality "1"]
[TimeControl "40/6000:2400+30"]

1. d4 Nf6 2. Nf3 g6 3. Bg5 Bg7 4. Nbd2 O-O 5. e3 d6 6. c3 Nbd7 7. Bd3 e5 8. O-O Qe8 {[%emt 0:02:05] ...e4 is the strong threat.} 9. e4 h6 10. Bh4 Nh5 11. Re1 {[%emt 0:03:11] White has an edge.} Nb6 12. dxe5 (12. a4 $14) 12... dxe5 $11 13. Qc2 g5 {[%emt 0:10:26][%cal Og5g4] Threatens to win with ...g4!} 14. Bg3 Nxg3 15. hxg3 Be6 16. Nf1 Qa4 17. b3 Qc6 18. Ne3 Rad8 19. Rad1 Rfe8 20. a4 a6 {[%emt 0:01:15] Prevents Bb5.} 21. a5 Nd7 22. Bc4 Bxc4 23. Nxc4 Nc5 {[%emt 0:01:51] [#]} 24. Ncxe5 $1 Bxe5 25. Rxd8 Rxd8 26. Nxe5 Qd6 27. Ng4 Qe6 28. b4 ({White should try} 28. Qe2 $1 $16) 28... Qxg4 29. bxc5 {[%emt 0:00:00][%mdl 4096] Endgame. KQR-KQR} Qe6 30. Qb1 Qc4 (30... Qe5 $14) 31. e5 $1 $16 {[%emt 0:01:17] Hoping for e6.} (31. Qxb7 Qxc5 (31... Qxc3 32. Rb1 $16) 32. Qxa6 Qxc3 $14) 31... Re8 {[%emt 0:02:28] [#]} 32. Qb4 (32. Qxb7 $6 Qxc3 33. Re4 Qxa5 $14) (32. e6 $1 $18 {[%cal Re6f7] is the precise move to win.} Kg7 33. exf7 (33. Qxb7 Qxc3 34. Re3 Qxc5 $16) 33... Rxe1+ 34. Qxe1) 32... Qxb4 33. cxb4 {[%emt 0:00:00] KR-KR} f6 (33... Kf8 $142) 34. Rd1 {[%emt 0:01:56] Black must now prevent Rd7.} Rxe5 {[%emt 0:00:42] [#]} 35. Rd8+ $1 Kf7 36. Rb8 Re1+ 37. Kh2 Rb1 $2 {[%emt 0:00:02] Loses the game.} (37... Ke7 $16 38. Rxb7 Kd7) 38. Rxb7 $18 Kg6 $2 (38... Ke8 39. Rxc7 Rxb4) 39. g4 {[%emt 0:00:29] White is clearly winning.} (39. Rxc7 Rxb4 40. c6 Rc4 $14) 39... h5 (39... c6 $142 40. Rb6 Kf7) 40. gxh5+ (40. Rxc7 Rxb4 41. gxh5+ Kxh5 $16) 40... Kxh5 41. c6 (41. Rxc7 Rxb4 42. Rc6 Rb5 43. Rxf6 Rxa5 $14) 41... Kg4 42. b5 ({Not} 42. Rxc7 Rxb4 43. Ra7 Kf5 $18) 42... axb5 43. a6 {[%emt 0:00:09] Weighted Error Value: White=0.11 (very precise) /Black=0.29 (precise) .  Mistake:       	White=3     	Black=5      Inaccurate:     	White=1     	Black=4      OK:         	White=11    	Black=8      Best:        	White=4     	Black=3      Strong:       	White=2     	---} (43. Rxc7 $142 Kf5 44. Re7) 1-0

[Event "Fagernes GM Open Autumn 2024"]
[Site "Fagernes"]
[Date "2024.10.11"]
[Round "7.14"]
[White "Krishnan, Ritvik"]
[Black "Sorensen, Hampus"]
[Result "0-1"]
[ECO "E40"]
[WhiteElo "2206"]
[BlackElo "2423"]
[Annotator "TA"]
[PlyCount "106"]
[EventDate "2024.10.03"]
[EventType "swiss"]
[EventCountry "NOR"]
[SourceTitle "playchess.com"]
[Source "ChessBase"]
[SourceQuality "1"]
[TimeControl "40/6000:2400+30"]

1. d4 Nf6 2. c4 e6 3. Nc3 Bb4 4. e3 Nc6 5. Nge2 d5 6. cxd5 {[%emt 0:03:47] E40: Nimzo-Indian: Rubinstein (4 e3): Unusual Black 4th moves.} exd5 7. g3 O-O 8. Bg2 Ne7 9. a3 Bd6 10. Nb5 Nf5 11. Nxd6 Nxd6 12. O-O c6 $146 ({Predecessor:} 12... Re8 13. Re1 c6 14. f3 h5 15. Nc3 Nf5 16. Qd3 Qd6 17. Bd2 Bd7 18. Rad1 c5 19. dxc5 Qxc5 {½-½ Milanovic,D (2546)-Lekic,D (2387) Zadar op-A 16th 2009 (8)}) 13. b3 Re8 14. a4 Bf5 15. f3 h6 16. Nc3 Bh7 17. Re1 Qb6 18. Ba3 Rad8 19. Rc1 Nf5 20. Bc5 Qc7 21. e4 (21. Qd2 $1 $11) 21... dxe4 (21... b6 $5 22. exf5 bxc5 23. Rxe8+ Rxe8 $17) 22. Nxe4 Nd5 23. Qd2 Nfe3 24. Rxe3 Nxe3 25. Qxe3 f5 26. Nf6+ gxf6 27. Qxh6 Qg7 28. Qd2 b6 29. Ba3 c5 30. d5 Qe7 (30... f4 $1 $15 31. Qxf4 Rxd5) 31. Kf2 {[%emt 0:02:22] [#]} (31. b4 $1 $11) 31... Bg6 ({Black should play} 31... f4 $1 $17 {White must now prevent ...Qe3+.} 32. Qxf4 Qe2+ (32... Rxd5 33. Bf1 $15) 33. Kg1 Kf7) 32. Bb2 $2 {[%emt 0:05:32] [#]} (32. Bf1 $1 $15) 32... f4 $1 $19 33. gxf4 Bf7 34. Qc3 Rxd5 (34... Bxd5 35. Qxf6 Qxf6 (35... Bxb3 $2 36. Qh8+ Kf7 37. Qg7+ Ke6 38. Re1+ Kd6 39. Rxe7 $18) 36. Bxf6 $15) 35. Rg1 $2 (35. Qxf6 Rd2+ 36. Kg3 Qxf6 (36... Bxb3 $2 37. Qh8+ Kf7 38. Qg7+ Ke6 39. Re1+ Kd6 40. Rxe7 $18) 37. Bxf6) 35... Kf8 $2 (35... Qe2+ 36. Kg3 Kh7 (36... Rd2 $2 37. Qxf6 Qf2+ 38. Kh3 $19)) 36. Bf1 $19 Rd4 37. Qc1 Qd6 38. Bxd4 Qxd4+ (38... cxd4 39. Bb5 Rd8 40. Bd3 $11) 39. Kg2 Bxb3 40. f5 Re3 (40... Qxa4 41. Kh1 (41. Qh6+ Ke7 $15) 41... Re5 42. Qh6+ Ke7 43. Qh8 $17) (40... Bxa4 41. Qh6+ Ke7 42. Kh1 $19 (42. Qh7+ $2 Kd6 $19)) 41. Kh1 Qc3 (41... Rxf3 42. Bg2 Re3 (42... Rxf5 43. Qh6+ Ke7 44. Qh7+ Kd6 45. Qxf5 $18) 43. a5 $19) ({Stronger than} 41... Bxa4 42. Rg4 Qc3 43. Qxc3 Rxc3 44. Rxa4 $18) 42. Qxc3 Rxc3 43. Be2 c4 44. Kg2 Bxa4 45. Ra1 Be8 46. Rxa7 b5 47. Rb7 Rb3 48. Kf2 c3 49. Ke3 b4 50. Rc7 Rb2 51. h4 $2 (51. Bd3) 51... c2 $19 52. Bd3 b3 53. Rc4 Ba4 0-1

[Event "Fagernes GM Open Autumn 2024"]
[Site "Fagernes"]
[Date "2024.10.11"]
[Round "7.15"]
[White "Krivenko, Dion"]
[Black "Hansen, Torbjorn Ringdal"]
[Result "1/2-1/2"]
[ECO "B30"]
[WhiteElo "2244"]
[BlackElo "2415"]
[Annotator "TA"]
[PlyCount "141"]
[EventDate "2024.10.03"]
[EventType "swiss"]
[EventCountry "NOR"]
[SourceTitle "playchess.com"]
[Source "ChessBase"]
[SourceQuality "1"]
[TimeControl "40/6000:2400+30"]

1. e4 c5 2. Nf3 Nc6 3. Bb5 Nf6 4. Nc3 Nd4 5. e5 Nxb5 6. Nxb5 Nd5 7. O-O $1 {[%emt 0:00:00][%mdl 4] outshines the older 7.Ng5.} Nc7 {[%emt 0:00:45] B30: Sicilian: 2...Nc6 3 Bb5, lines without ...g6.} 8. Nxc7+ Qxc7 9. d4 e6 10. d5 $146 ({Predecessor:} 10. Be3 b6 11. c4 d6 12. Re1 Bb7 13. d5 O-O-O 14. Bg5 Rd7 15. Qa4 exd5 16. e6 fxe6 17. Rxe6 {1-0 Meszaros,L (2229)-Bauma,J (2264) CZE-chT2A 0809 2008 (7.3)}) 10... exd5 11. Qxd5 Qc6 12. c4 h6 13. Be3 b6 14. b4 Bb7 15. bxc5 bxc5 16. Qxc6 Bxc6 17. Nd2 f6 18. exf6 gxf6 19. Nb3 Rg8 20. f3 d6 21. Na5 Kd7 22. Rad1 Kc7 (22... Rc8 $14) 23. Bf4 $16 Rb8 24. Nb3 $1 Ba4 25. Rd3 Bxb3 26. axb3 a6 27. Re1 Kd7 28. Ree3 (28. h4 $142) 28... a5 29. g3 a4 30. bxa4 Rb4 31. Ra3 (31. a5 $16) 31... Rxc4 $14 32. a5 Be7 33. a6 Rb4 (33... Rxf4 $14 34. a7 Rb4) 34. a7 $16 Ra8 35. Ra6 (35. Bxh6 $6 Rb7 $11) 35... Rb1+ 36. Kg2 c4 37. Re4 (37. Bxh6 d5 $16) 37... d5 (37... Rb7 $16 {was worth a try.}) 38. Rd4 $18 Rb5 39. Bxh6 c3 40. Rd1 (40. Rd3 $18) 40... f5 $2 (40... Kc7 $16 {might work better.}) 41. h4 $18 Bd6 42. Bg7 Rb2+ 43. Kh3 Rd2 44. Rc1 $1 d4 45. h5 $2 ({White has to play} 45. Ra4 $1 $18) 45... c2 $1 $14 46. Bxd4 (46. h6 {is interesting.} d3 47. Raa1 Re2 48. h7) 46... Rxd4 47. Rxc2 Rg8 $2 ({Black should try} 47... Rd3 $14) 48. f4 $18 (48. a8=R $2 {gets mated.} Rxg3+ 49. Kh2 Rh4#) 48... Rd3 {[%emt 0:05:19] [#]} (48... Ra8 $142 49. Rb2 Rd3 50. Rb7+ Bc7) 49. a8=Q $2 (49. a8=B Rdxg3+ (49... Rgxg3+ $2 50. Kh2 $19) 50. Kh2 Bxf4 51. Bc6+ Ke7 52. Ra7+ Kf6 $19) (49. a8=R Rgxg3+ 50. Kh2 Bxf4 51. R6a7+ Ke6 52. Re8+ Kf6 53. Rc6+ Kg5 54. Rg7+ Kh4 55. Rxg3 Rxg3 $16) (49. Kh2 $1 $18 Ra8 50. h6) 49... Rdxg3+ $14 50. Kh2 Rxa8 51. Rxd6+ Kxd6 52. Kxg3 Rg8+ 53. Kh3 Rg4 $2 {[%emt 0:01:15][%mdl 8192] [#]} (53... Ke7 $11) 54. Rc8 $2 (54. Rg2 $1 {mates} Rxf4 55. h6 Rf3+ 56. Rg3 Rf1 57. Kg2 Rf4 58. h7 Rh4 59. Rh3 Rxh7 60. Rxh7) 54... Ke6 $11 55. Rf8 (55. h6 $5 Rg1 $8 56. Kh4 $11) 55... Rg1 56. Kh4 Rg4+ 57. Kh3 Rg1 58. Rh8 Kf7 59. h6 Rg4 60. h7 Kg7 61. Rg8+ (61. Rf8 {simplifies} Kxh7 62. Rxf5 Rg6 63. Kh4) 61... Kxh7 62. Rxg4 fxg4+ 63. Kxg4 Kg6 64. f5+ Kf6 65. Kf4 Kf7 66. Ke5 Ke7 67. f6+ Kf7 68. Kf5 Kf8 69. Ke6 Ke8 70. f7+ Kf8 71. Kf6 1/2-1/2

[Event "Fagernes GM Open Autumn 2024"]
[Site "Fagernes"]
[Date "2024.10.11"]
[Round "7.16"]
[White "Vijayakumar, Rishi"]
[Black "Oksendal, Martin"]
[Result "0-1"]
[ECO "D78"]
[WhiteElo "2172"]
[BlackElo "2271"]
[Annotator "RC"]
[PlyCount "96"]
[EventDate "2024.10.03"]
[EventType "swiss"]
[EventCountry "NOR"]
[SourceTitle "playchess.com"]
[Source "ChessBase"]
[SourceQuality "1"]
[TimeControl "40/6000:2400+30"]

1. d4 Nf6 2. c4 g6 3. g3 Bg7 4. Bg2 d5 5. Nc3 dxc4 6. Nf3 O-O 7. O-O c6 8. e4 Nfd7 9. Qe2 e5 10. Bg5 Qa5 11. d5 b5 12. a3 Re8 13. Nd2 Ba6 14. Be3 Qc7 15. Rfc1 Nb6 16. Na2 Bb7 17. Nc3 Ba6 18. b4 cxb3 19. Nxb3 b4 20. Nb5 Qd7 21. dxc6 Nxc6 22. Bf1 Nd4 23. Bxd4 exd4 24. Nc5 d3 25. Qf3 Qe7 26. Nxa6 Bxa1 27. Rxa1 Qe5 28. Rd1 Qxb5 29. Nc7 Qc6 30. Nxa8 Qxa8 31. Bxd3 bxa3 32. Bb1 Nc4 33. Qb3 Rc8 34. Ba2 Ne5 35. Rd5 Qb8 36. Rb5 Qd6 37. Rd5 Qf6 38. Kg2 Ng4 39. Rd2 Rc3 40. Qb8+ Kg7 41. Qxa7 Qf3+ 42. Kh3 Rd3 43. Rxd3 Nxf2+ 44. Qxf2 Qxf2 45. Rxa3 Qf1+ 46. Kh4 h5 47. g4 g5+ 48. Kxh5 Qf6 0-1

[Event "Fagernes GM Open Autumn 2024"]
[Site "Fagernes"]
[Date "2024.10.11"]
[Round "7.17"]
[White "Sian, Shadi"]
[Black "Bhagat Kush"]
[Result "0-1"]
[ECO "E97"]
[WhiteElo "2182"]
[BlackElo "2245"]
[Annotator "RC"]
[PlyCount "104"]
[EventDate "2024.10.03"]
[EventType "swiss"]
[EventCountry "NOR"]
[SourceTitle "playchess.com"]
[Source "ChessBase"]
[SourceQuality "1"]
[TimeControl "40/6000:2400+30"]

1. d4 Nf6 2. c4 g6 3. Nc3 Bg7 4. e4 d6 5. Nf3 O-O 6. Be2 e5 7. Be3 Ng4 8. Bg5 f6 9. Bc1 Nc6 10. O-O Nh6 11. d5 Ne7 12. b4 a5 13. Bxh6 Bxh6 14. a3 f5 15. h3 Kh8 16. Bd3 Ng8 17. c5 Nf6 18. Nh2 axb4 19. axb4 Rxa1 20. Qxa1 Nh5 21. Be2 Nf4 22. Bf3 Qh4 23. exf5 gxf5 24. cxd6 cxd6 25. Kh1 Nd3 26. g3 Qxb4 27. Be2 Nc5 28. Nf3 Ne4 29. Nxe4 Qxe4 30. Qd1 Bd7 31. Re1 Ba4 32. Qb1 Qxd5 33. Qb4 Bc6 34. Kh2 f4 35. g4 Bg7 36. Rd1 Qc5 37. Qxc5 dxc5 38. Ng5 Re8 39. Bc4 b5 40. Bf7 Rf8 41. Be6 Bf6 42. Nf7+ Kg7 43. g5 Rxf7 44. Bxf7 Kxf7 45. gxf6 c4 46. Rd6 Be4 47. Rb6 c3 48. Rxb5 c2 49. Rc5 f3 50. Kg1 Bd3 51. Rc6 e4 52. h4 h5 0-1

[Event "Fagernes GM Open Autumn 2024"]
[Site "Fagernes"]
[Date "2024.10.11"]
[Round "7.18"]
[White "Sherman, Raem"]
[Black "Gasland, Lukas Dominik"]
[Result "1-0"]
[ECO "B52"]
[WhiteElo "2390"]
[BlackElo "1905"]
[Annotator "TA"]
[PlyCount "97"]
[EventDate "2024.10.03"]
[EventType "swiss"]
[EventCountry "NOR"]
[SourceTitle "playchess.com"]
[Source "ChessBase"]
[SourceQuality "1"]
[TimeControl "40/6000:2400+30"]

1. e4 c5 2. Nf3 d6 3. Bb5+ Bd7 4. c4 a6 5. Bxd7+ Qxd7 6. Nc3 Nf6 7. d4 cxd4 8. Nxd4 g6 9. f3 Bg7 10. Be3 O-O 11. O-O Nc6 12. Qd2 Rac8 13. b3 b5 14. cxb5 {[%emt 0:05:39] The position is equal.} Nxd4 15. Bxd4 axb5 16. Rac1 Ra8 17. Rc2 Rfc8 18. Rfc1 b4 19. Na4 Rxc2 20. Qxc2 {[%emt 0:03:35] Threatens to win with Nb6.} Qb7 21. Be3 Nd7 22. Qc6 Qxc6 23. Rxc6 Nc5 {[%emt 0:04:14] [#]} 24. Nb6 $1 $16 {[%emt 0:03:53] White leaves nothing to chance now.} (24. Nxc5 dxc5 25. Bxc5 e6 26. Bxb4 Bd4+ 27. Kf1 Rxa2) 24... Rb8 (24... Rxa2 $2 {perishes.} 25. Rc8+ Bf8 26. Bh6 $18) 25. Kf1 Ne6 (25... f5 $16) 26. Nd5 $18 Kf8 27. Nxb4 f5 28. Rc4 Kf7 (28... Ke8 $142 29. Nd5 Nc5) 29. Nc6 Rb7 30. b4 Ke8 31. a4 fxe4 32. fxe4 Kd7 33. b5 Nc7 34. Nb4 Nxb5 35. axb5 Rxb5 36. Nd5 Rb7 {[%emt 0:00:26] Repels Rc7+} 37. Rb4 Rxb4 38. Nxb4 Bc3 39. Nd5 Be5 40. Bf4 {[%emt 0:00:00] [#] Hoping for Bxe5.} Bd4 41. Ke2 e6 42. Kd3 Bb2 (42... Bg7 43. Nb4 h5) 43. Nb6+ {[%emt 0:00:21] White is clearly winning.} Kc6 44. Nc4 Bh8 45. Bxd6 {[%emt 0:00:10] Strongly threatening Be5.} Bg7 46. Be5 Bf8 47. Ne3 h5 48. Bf6 Bh6 49. Nc4 {[%emt 0:00:17] Weighted Error Value: White=0.12 (very precise) /Black=0.40.  Mistake:       	---       	Black=4      Inaccurate:     	White=2     	Black=4      OK:         	White=16    	Black=10     Best:        	White=1     	Black=1      Strong:       	White=1     	---} 1-0

[Event "Fagernes GM Open Autumn 2024"]
[Site "Fagernes"]
[Date "2024.10.11"]
[Round "7.19"]
[White "Kanyamarala, Trisha"]
[Black "Sieber, Fiona"]
[Result "1-0"]
[ECO "E12"]
[WhiteElo "2160"]
[BlackElo "2264"]
[Annotator "RC"]
[PlyCount "75"]
[EventDate "2024.10.03"]
[EventType "swiss"]
[EventCountry "NOR"]
[SourceTitle "playchess.com"]
[Source "ChessBase"]
[SourceQuality "1"]
[TimeControl "40/6000:2400+30"]

1. d4 Nf6 2. c4 e6 3. Nf3 b6 4. a3 Bb7 5. Nc3 d5 6. cxd5 Nxd5 7. Qc2 Be7 8. e4 Nxc3 9. bxc3 O-O 10. Bd3 c5 11. O-O Qc7 12. Qe2 Rd8 13. Re1 Nc6 14. d5 exd5 15. exd5 Rxd5 16. Ng5 Re5 17. Bxh7+ Kf8 18. Ne4 f5 19. Qc4 Bf6 20. Bg5 Qf7 21. Qxf7+ Kxf7 22. Nd6+ Ke6 23. Bxf6 Kxf6 24. Rxe5 Nxe5 25. Bxf5 Ba6 26. Bc2 Rd8 27. Ne4+ Ke6 28. Re1 Rf8 29. Ng5+ Kd5 30. Re4 Nd3 31. f3 Nc1 32. Ra4 Bb5 33. c4+ Bxc4 34. Be4+ Kd6 35. Rxc4 Ne2+ 36. Kf2 Nd4 37. Bd3 b5 38. Ne4+ 1-0